 Dungeon Crawl Stone Soup version 0.25-b1-23-ge2ad7d536c (webtiles) character file.

Game seed: 3063714682686380733, levelgen mode: deterministic

1003 Esekla the Slasher (level 8, -5/52 HPs)
             Began as an Octopode Wizard on June 3, 2020.
             Slain by a bullfrog (9 damage)
             ... on level 6 of the Dungeon.
             The game lasted 00:49:54 (5784 turns).

Esekla the Slasher (Octopode Wizard)                Turns: 5784, Time: 00:49:55

Health: -5/52      AC:  2    Str:  8    XL:     8   Next: 20%
Magic:  2/14       EV: 13    Int: 21    God:
Gold:   94         SH:  0    Dex: 10    Spells: 7/16 levels left

rFire    . . .     SeeInvis .   o - +1 long sword
rCold    . . .     Gourm    .   (no shield)
rNeg     . . .     Faith    .   a - +1 hat
rPois    .         Spirit   .   (no amulet)
rElec    .         Reflect  .   (no ring)
rCorr    .         Harm     .   (no ring)
MR       .....                  (no ring)
Stlth    +++.......             (no ring)
HPRegen  0.17/turn              (no ring)
MPRegen  0.14/turn              (no ring)
                                (no ring)
                                (no ring)

@: no status effects
A: almost no armour, stealthy swim, amphibious, 8 rings, constrict 8, camouflage
1, gelatinous body 1
a: no special abilities


You were on level 6 of the Dungeon.
You were not hungry.

You visited 1 branch of the dungeon, and saw 6 of its levels.
You also visited: Ossuary.

You collected 189 gold pieces.
You spent 95 gold pieces at shops.

Inventory:

Hand Weapons
 d - a +0 dagger
 o - a +1 long sword (weapon)
Missiles
 k - 7 poisoned darts (quivered)
Armour
 a - a +1 hat (worn)
Wands
 b - a wand of clouds (7)
 h - a wand of paralysis (8)
 z - a wand of digging (2)
Scrolls
 c - a scroll of enchant weapon
 e - 3 scrolls of teleportation
 f - a scroll of fog
 g - a scroll of amnesia {unknown}
 i - 2 scrolls of remove curse
 j - a scroll of random uselessness
 q - 2 scrolls of immolation {unknown}
 s - 4 scrolls of blinking {unknown}
 u - a scroll of identify
 w - 2 scrolls of magic mapping
 y - a scroll of enchant armour
Potions
 l - 4 potions of haste
 m - a potion of curing
 p - a potion of mutation {unknown}
 r - a potion of magic {unknown}
 t - 2 potions of invisibility {unknown}
 v - a potion of might {unknown}
Comestibles
 x - 4 rations
 A - 3 chunks of flesh


   Skills:
 * Level 3.0 Fighting
 + Level 0.4(2.9) Short Blades
 * Level 4.7 Long Blades
 + Level 3.0 Dodging
 - Level 2.7 Stealth
 * Level 4.5 Spellcasting
 + Level 2.1 Conjurations
   Level 1.0 Summonings
 * Level 3.3 Translocations
 + Level 1.9 Fire Magic
 * Level 1.6 Air Magic
 * Level 1.9 Poison Magic


You had 7 spell levels left.
You knew the following spells:

 Your Spells              Type           Power        Failure   Level  Hunger
a - Magic Dart            Conj           ##..         4%          1    None
b - Blink                 Tloc           N/A          4%          2    #......
c - Mephitic Cloud        Conj/Pois/Air  ##......     16%         3    ##.....
f - Conjure Flame         Conj/Fire      ##......     14%         3    ##.....

Your spell library contained the following spells:

 Spells                   Type           Power        Failure   Level  Hunger
 Call Imp                 Summ           #.......     12%         2    #......
 Slow                     Hex            #.......     17%         2    #......


Dungeon Overview and Level Annotations

Branches:
Dungeon (6/15)            Ossuary (visited)
 Temple: D:4-7

Altars:
Fedhas
Trog
Zin

Shops:
D:4 ?=[(*   D:5 (

Annotations:
D:3 Grinder
D:5 Duvessa


Innate Abilities, Weirdness & Mutations

You cannot wear most types of armour.
You are very stealthy in the water. (Stealth+)
You are amphibious.
You can wear up to eight rings at the same time.
You can use your tentacles to constrict eight enemies at once.
Your skin changes colour to match your surroundings (Stealth+).
Your rubbery body absorbs attacks. (AC +1, EV +1)


Message History

You catch the helpless bullfrog completely off-guard!
You hit the bullfrog. You grab the bullfrog. You squeeze the bullfrog.
The bullfrog is heavily wounded.
Casting: Blink (safe; 4% risk of failure)
Confirm with . or Enter, or press ? or * to list all spells.
You don't have enough magic to cast that spell.
Unknown command.
You feel better.
You constrict the bullfrog.
The ogre seems less confused.
The jelly misses you.
The bullfrog struggles to escape constriction.
You hit the jelly.
Your tentacles burn!
* * * LOW HITPOINT WARNING * * *
The jelly is severely wounded.
You constrict the bullfrog. The bullfrog closely misses you.
The jelly hits you.
* * * LOW HITPOINT WARNING * * *
You are splashed with acid!
* * * LOW HITPOINT WARNING * * *
The bullfrog hits you!
You die...

######≈≈≈≈
#....)..≈
#.......#
#.......#
##...[...#
#........####
#...##......#
#.. #......#
# #....J@#
#.....F#
+....°O#
#......#
#<.?...#
#......#
########


You could see an ogre, a bullfrog (confused) and a jelly.

Vanquished Creatures
  An ogre (D:4)
  A phantom (D:4)
  A centaur (D:5)
  6 scorpions (Ossuary)
  A water moccasin skeleton (D:4)
  4 human zombies (Ossuary)
  2 hounds
  A centaur skeleton (D:4)
  An orc wizard (D:5)
  3 big kobold zombies (Ossuary)
  A howler monkey zombie (D:5)
  3 mummies (Ossuary)
  4 adders
  6 scorpion zombies (Ossuary)
  An adder skeleton (D:2)
  2 dart slugs
  A leopard gecko (D:4)
  9 orcs
  3 bats
  A gnoll zombie (Ossuary)
  A goblin (D:2)
  4 hobgoblins
  A quokka (D:3)
  2 frilled lizards (D:2)
  A goblin zombie (Ossuary)
  4 hobgoblin zombies (Ossuary)
  A kobold (D:3)
  A kobold zombie (Ossuary)
  A leopard gecko skeleton (D:4)
  5 rats
73 creatures vanquished.

Vanquished Creatures (others)
  A goblin zombie (Ossuary)
1 creature vanquished.

Grand Total: 74 creatures vanquished

Notes
Turn   | Place    | Note
-------+----------+-------------------------------------------
     0 | D:1      | Esekla the Octopode Wizard began the quest for the Orb.
     0 | D:1      | Reached XP level 1. HP: 11/11 MP: 4/4
   362 | D:2      | Reached XP level 2. HP: 13/17 MP: 3/6
   750 | D:2      | Learned a level 2 spell: Blink
  1114 | D:3      | Reached XP level 3. HP: 20/22 MP: 5/8
  1119 | D:3      | Learned a level 3 spell: Mephitic Cloud
  1225 | D:4      | Found Laisch's Magic Scroll Boutique.
  1308 | D:4      | Reached XP level 4. HP: 10/27 MP: 9/9
  1349 | D:4      | Reached skill level 1 in Fighting
  1435 | D:4      | Found a sand-covered staircase.
  1553 | Ossuary  | Entered an ossuary
  1579 | Ossuary  | Reached skill level 1 in Long Blades
  1579 | Ossuary  | Reached skill level 1 in Poison Magic
  1743 | Ossuary  | Reached skill level 1 in Air Magic
  1743 | Ossuary  | Reached XP level 5. HP: 21/33 MP: 6/10
  1951 | Ossuary  | Learned a level 3 spell: Conjure Flame
  3044 | Ossuary  | Reached XP level 6. HP: 31/39 MP: 3/11
  3173 | Ossuary  | Reached skill level 1 in Fire Magic
  3519 | Ossuary  | Reached XP level 7. HP: 22/45 MP: 7/13
  3981 | D:4      | Found Rewnoiwn's Jewellery Shoppe.
  3981 | D:4      | Found Liuc's Antique Armour Shoppe.
  3981 | D:4      | Paralysed by fainting for 5 turns
  4008 | D:4      | Bought 3 scrolls of identify for 60 gold pieces
  4008 | D:4      | Bought a scroll of magic mapping for 35 gold pieces
  4047 | D:3      | Noticed Grinder
  4151 | D:4      | Found Gaezich's Assorted Antiques.
  4414 | D:4      | Found a faded altar of an unknown god.
  4414 | D:4      | Found a glowing silver altar of Zin.
  4436 | D:4      | Found a blossoming altar of Fedhas.
  4438 | D:4      | Found a faded altar of an unknown god.
  4442 | D:4      | Found a bloodstained altar of Trog.
  4595 | D:4      | Found Goamedd's Antique Weapon Boutique.
  5259 | D:4      | Reached XP level 8. HP: 45/51 MP: 14/14
  5474 | D:5      | Entered Level 5 of the Dungeon
  5491 | D:5      | Found Peuroe Doups's Weapon Shop.
  5508 | D:5      | Noticed Duvessa
  5773 | D:6      | HP: 2/52 [bullfrog (8)]
  5784 | D:6      | Slain by a bullfrog

Illustrated notes

Levels and vault maps discovered:
D:1:      onia_arrival_handbag, layout_loops_ring, serial_park_tiny_pond
D:2:      layout_rooms, minmay_stone_trees_small
D:3:      layout_basic, first_ration, uniq_grinder
D:4:      layout_layer_cave, chequers_temple_overflow_minitemple, serial_shops,
          shop_statue, shop_statue, nicolae_shop_competitors_out_of_business,
          shop, shop, nicolae_ossuary_entry_ruins, serial_park_tiny_1,
          grunt_decor_arrowhead, eino_small_chamber_without_monster
D:5:      layout_loops_ring, serial_shops, shop, uniq_blork_the_orc,
          uniq_duvessa
D:6:      wander_river, layout_basic, kennysheep_cross_bottleneck

Skill      XL: |  1  2  3  4  5  6  7  8 |
---------------+-------------------------+-----
Fighting       | 1 2 3 |  3.0
Long Blades    | 1 2 3 4 |  4.7
Poison Magic   | 1 |  1.9
Air Magic      | 1 |  1.6
Translocations | 2 3 |  3.3
Fire Magic     | 1 |  1.9
Spellcasting   | 4 |  4.5
Conjurations   | 2 |  2.1
Dodging        | 3 |  3.0
Short Blades   | |  0.4
Stealth        | |  2.7
Summonings     | |  1.0

Action                   |  1- 3 |  4- 6 |  7- 9 || total
-------------------------+-------+-------+-------++-------
Melee: Dagger            |    17 |     2 |     2 ||    21
       Constrict         |    11 |    22 |    13 ||    46
       Unarmed           |     3 |       |       ||     3
       Long sword        |    17 |    87 |    78 ||   182
       Tentacles         |     4 |    19 |    18 ||    41
Throw: Dart              |       |       |    16 ||    16
 Cast: Magic Dart        |    24 |    51 |    42 ||   117
       Conjure Flame     |       |     6 |       ||     6
       Blink             |       |     3 |     5 ||     8
       Mephitic Cloud    |       |       |     2 ||     2
  Use: Scroll            |     8 |       |     2 ||    10
       Potion            |       |     4 |     4 ||     8
 Stab: Sleeping          |     3 |     1 |     2 ||     6
       Confused          |       |       |     1 ||     1
  Eat: Chunk             |     1 |       |     5 ||     6
       Ration            |       |     2 |     1 ||     3
Armor: Skin              |     7 |    52 |     5 ||    64
Dodge: Dodged            |    32 |    46 |    62 ||   140
       Rpst.: Long sword |     4 |    12 |    16 ||    32
